 Dungeon Crawl Stone Soup version 0.28.0 (webtiles) character file.

Game seed: 2539160293264709994

483 Dani the Chopper (level 6, -8/56 HPs)
             Began as a Minotaur Fighter on Feb 20, 2022.
             Was an Initiate of Ru.
             Killed from afar by an orc wizard (9 damage)
             ... with a puff of flame
             ... on level 5 of the Dungeon.
             The game lasted 00:06:09 (3728 turns).

Dani the Chopper (Minotaur Fighter)                 Turns: 3728, Time: 00:06:09

Health: -8/56      AC:  7    Str: 22    XL:     6   Next: 88%
Magic:  5/5        EV: 10    Int:  5    God:    Ru [......]
Gold:   202        SH:  0    Dex: 10    Spells: 5/5 levels left

rFire   . . .      SeeInvis .   a - +0 war axe
rCold   . . .      Faith    .   c - +0 buckler
rNeg    . . .      Spirit   .   b - +0 scale mail
rPois   .          Reflect  .   (helmet restricted)
rElec   .          Harm     .   (no cloak)
rCorr   .          Rampage  .   (no gloves)
Will    .....                   (no boots)
Stlth   ..........              (no amulet)
HPRegen 0.18/turn               (no ring)
MPRegen 0.09/turn               (no ring)

@: confused, mighty
A: horns 2, retaliatory headbutt
a: Renounce Religion


You were on level 5 of the Dungeon.
You worshipped Ru.
Ru was noncommittal.
You visited 2 branches of the dungeon, and saw 6 of its levels.

You collected 202 gold pieces.

Inventory:

Hand Weapons
 a - a +0 war axe (weapon)
Missiles
 Z - a throwing net (quivered)
Armour
 b - a +0 scale mail (worn)
 c - a +0 buckler (worn)
Jewellery
 h - a ring of magical power
   (You found it on level 4 of the Dungeon)
 s - a ring of see invisible
   (You found it on level 3 of the Dungeon)
Wands
 e - a wand of polymorph (4)
   (You found it on level 3 of the Dungeon)
 P - a wand of paralysis (3)
   (You found it on level 4 of the Dungeon)
Scrolls
 f - a scroll of fear
 B - a scroll of blinking
 R - 2 scrolls of identify {@r1}
 T - a scroll of teleportation
Potions
 d - 2 potions of might
 g - 2 potions of flight {unknown}


   Skills:
 + Level 5.0 Fighting
 * Level 5.4 Axes
 + Level 4.9 Armour
 + Level 2.6 Dodging
 + Level 5.1 Shields
 + Level 0.6 Invocations
 + Level 0.5 Evocations


You had 5 spell levels left.
You didn't know any spells.
Your spell library was empty.

Dungeon Overview and Level Annotations

Branches:
Dungeon (5/15)             Temple (1/1) D:4

Altars:
Elyvilon
Ru
Wu Jian
Xom
Yredelemnul
Zin

Shops:
D:4 :

Annotations:
D:4 2 transporters, Buxparty's ghost, weakling DgNe


Innate Abilities, Weirdness & Mutations

You have a pair of horns on your head.
You reflexively headbutt those who attack you in melee.


Message History

You hit the orc. You slash the orc!
You kill the orc!
You hit the orc priest but do no damage.
You closely miss the orc wizard.
An orc comes into view. It is wielding a +0 halberd.
The orc hits you with a +0 trident.
The orc wizard hits you but does no damage.
The orc priest hits you but does no damage.
The orc barely misses you. You furiously retaliate!
You headbutt the orc!
You kill the orc!
The orc barely misses you. You furiously retaliate!
You headbutt the orc!
You kill the orc!
The orc priest mumbles some strange prayers to Beogh against you.
Beogh smites you!
The orc shouts!
You completely miss the orc priest. You headbutt the orc priest.
The orc priest is moderately wounded.
You closely miss the orc wizard.
You hear an angry hiss.
The orc wizard completely misses you. The orc priest closely misses you.
The orc wizard barely misses you. The orc priest hits you with a +0 club.
* * * LOW HITPOINT WARNING * * *
You hit the orc priest but do no damage.
Your headbutt misses the orc priest.
The orc priest is moderately wounded.
You hit the orc priest. You barely miss the orc wizard.
The orc priest hits you but does no damage.
The orc wizard hits you with a +0 dagger.
* * * LOW HITPOINT WARNING * * *
The orc priest calls upon Beogh to heal the orc priest.
The orc priest's wounds heal themselves!
You slash the orc priest! You headbutt the orc priest.
You kill the orc priest!
You closely miss the orc priest. You hit the orc.
You closely miss the orc wizard. The orc hits you with a +0 mace.
* * * LOW HITPOINT WARNING * * *
You block the orc priest's attack.
The orc wizard casts a spell.
The orc wizard flickers and vanishes!
Deactivating autopickup; reactivate with Ctrl-A.
Your Fighting skill increases to level 5!
You hit the orc but do no damage.
The orc is heavily wounded.
You closely miss the orc priest. You barely miss something.
An adder comes into view.
The orc hits you but does no damage.
The orc priest hits you with a +0 short sword.
* * * LOW HITPOINT WARNING * * *
Something hits you but does no damage. You block the orc's attack.
The orc hits you but does no damage. Something hits you.
* * * LOW HITPOINT WARNING * * *
You block the orc priest's attack.
You are too injured to fight recklessly!
You are too injured to fight recklessly!
You are too injured to fight recklessly!
You are too injured to fight recklessly!
You completely miss the orc priest.
The adder hisses angrily.
Your headbutt misses the orc priest. You miss something.
You closely miss the orc. You block the orc's attack.
The orc barely misses you.
The orc priest looks satisfied for a moment.
Something hits you but does no damage.
You slash the orc priest!
You kill the orc priest!
You barely miss the orc. You closely miss something. The orc misses you.
The orc hits you with a +0 mace.
* * * LOW HITPOINT WARNING * * *
Something hits you.
* * * LOW HITPOINT WARNING * * *
You barely miss the orc.
The orc is heavily wounded.
You barely miss something. You block the orc's attack.
The orc barely misses you. You furiously retaliate!
You headbutt the orc!
You kill the orc!
Something hits you.
* * * LOW HITPOINT WARNING * * *
The orc hits you but does no damage.
You hear some strange, mumbled words.
You are confused.
You feel very mighty all of a sudden. The adder bites you but does no damage.
An orc comes into view. It is wielding a +0 short sword.
The orc hits you but does no damage. Something hits you but does no damage.
The orc shouts!
The adder barely misses you. The adder bites you but does no damage.
The orc hits you with a +0 halberd!
* * * LOW HITPOINT WARNING * * *
Something hits you.
* * * LOW HITPOINT WARNING * * *
Items here: )) [ †.
The orc hits you but does no damage. Something hits you but does no damage.
You miss something. You closely miss the adder.
The adder bites you but does no damage.
The orc hits you from afar with a +0 halberd.
* * * LOW HITPOINT WARNING * * *
You hear some strange, mumbled words.
A puff of flame appears from out of thin air!
The puff of flame hits you!
You die...

..............#
..............#.
................
..............#
..............#
......>.....o..###
.......)))o.......
.........S........
#.......){@....... .
#................. ..
#...............?. ...
#.....?............ ....
##.........................
#..........................
.>.........................
...........................
...........................


You could see an adder and 2 orcs.

Vanquished Creatures
  A water moccasin (D:3)
  A phantom (D:4)
  3 orc priests (D:5)
  2 centaur skeletons
  A scorpion zombie (D:3)
  Robin (D:3)
  An adder (D:3)
  3 gnolls (D:4)
  A dart slug (D:1)
  6 orcs
  4 bats
  8 endoplasms
  3 giant cockroaches
  12 goblins
  7 hobgoblins
  10 quokkas
  9 ball pythons
  A ball python zombie (D:3)
  3 frilled lizards
  7 kobolds
  A quokka zombie (D:3)
  5 rats
90 creatures vanquished.

Notes
Turn   | Place    | Note
-------+----------+-------------------------------------------
     0 | D:1      | Dani the Minotaur Fighter began the quest for the Orb.
     0 | D:1      | Reached XP level 1. HP: 19/19 MP: 0/0
    42 | D:1      | Reached XP level 2. HP: 17/27 MP: 1/1
   248 | D:3      | Reached skill level 3 in Axes
   326 | D:3      | Noticed Robin
   334 | D:3      | Killed Robin
   335 | D:3      | Reached skill level 1 in Dodging
   335 | D:3      | Reached skill level 4 in Shields
   335 | D:3      | Reached XP level 3. HP: 15/33 MP: 2/2
   502 | D:4      | Reached skill level 4 in Fighting
   536 | D:4      | Reached skill level 4 in Armour
   539 | D:4      | Found a glowing silver altar of Zin.
   594 | D:4      | Reached XP level 4. HP: 37/40 MP: 3/3
   624 | D:4      | Found a staircase to the Ecumenical Temple.
   626 | D:4      | Noticed a phantom
   634 | Temple   | Entered the Ecumenical Temple
   704 | Temple   | Became a worshipper of Ru the Awakened
   969 | D:1      | You fall into a shaft and drop 1 floor!
  1019 | D:2      | Found a faded altar of an unknown god.
  1853 | D:3      | Reached skill level 4 in Axes
  1853 | D:3      | Reached XP level 5. HP: 46/47 MP: 4/4
  1863 | D:3      | Found a basalt altar of Yredelemnul.
  2018 | D:3      | Noticed a water moccasin
  2026 | D:3      | Killed a water moccasin
  2027 | D:3      | Reached skill level 2 in Dodging
  2029 | D:3      | HP: 11/47 [poisoned by a water moccasin]
  2034 | D:3      | HP: 10/47 [poisoned by an adder]
  2322 | D:3      | Fell from the grace of Ru
  2397 | Temple   | Became a worshipper of Ru the Awakened
  2438 | D:4      | Killed a phantom
  2439 | D:4      | Reached XP level 6. HP: 44/55 MP: 5/5
  2689 | D:4      | Found Ehuusij's Book Shoppe.
  2694 | D:4      | Reached skill level 5 in Axes
  2698 | D:4      | HP: 13/55 [gnoll (2)]
  2700 | D:4      | Reached skill level 5 in Shields
  3038 | D:4      | Found an ornate altar of the Wu Jian Council.
  3153 | D:4      | Noticed Buxparty's ghost (weakling DgNe)
  3154 | D:4      | Found a transporter.
  3155 | D:4      | Identified the +9 great mace "Plojy" {vorpal, rCorr}
  3162 | D:4      | Found a transporter.
  3567 | D:5      | Entered Level 5 of the Dungeon
  3721 | D:5      | Reached skill level 5 in Fighting
  3726 | D:5      | HP: 8/56 [orc (10)]
  3728 | D:5      | HP: 1/56 [orc (6)]
  3728 | D:5      | Killed from afar by an orc wizard

Illustrated notes

Levels and vault maps discovered:
D:1:      dpeg_arrival_simpleton_c, layout_basic, minmay_heptomino_o4
D:2:      layout_rooms, shapermc_ecumenical_altar_acropolis
D:3:      layout_loops_cross, nicolae_yredelemnul_corpse_copse,
          grunt_decor_fettered, chequers_mini_garden, uniq_robin
D:4:      layout_cave_pools, kennysheep_mini_moat, nzn_wu_jian_council_hall,
          minmay_temple_entry_tees, serial_shops, shop, gammafunk_ghost_smash
D:5:      lemuel_castle_with_subvaults [lemuel_castle_interior_carwin_1],
          layout_layer_cave, nemelex_spade_bored_becter,
          minmay_chambers_of_fives
Temple:   minmay_temple_curvy_loop

Skill      XL: |  1  2  3  4  5  6 |
---------------+-------------------+-----
Axes           | 3 4 5 |  5.4
Dodging        | 1 2 |  2.6
Shields        | 4 5 |  5.1
Fighting       | 4 5 |  5.0
Armour         | 4 |  4.9
Invocations    | |  0.6
Evocations     | |  0.5

Action                   |  1- 3 |  4- 6 || total
-------------------------+-------+-------++-------
Melee: War axe           |    58 |   111 ||   169
       Headbutt          |     7 |    11 ||    18
Invok: Renounce Religion |       |     1 ||     1
  Use: Scroll            |     2 |     6 ||     8
       Potion            |       |     4 ||     4
 Stab: Invisible         |       |     1 ||     1
Armor: Scale mail        |    54 |    57 ||   111
Dodge: Dodged            |    38 |    52 ||    90
Block: Buckler           |    15 |    19 ||    34

Table legend: (Time is in decaauts)
 A = Elapsed time spent in this place.
 B = Non-inter-level travel time spent in this place.
 C = Inter-level travel time spent in this place.
 D = Time resting spent in this place.
 E = Time spent auto-exploring this place.
 F = Levels seen in this place.
 G = Mean time per level.
                   A        B        C        D        E       F      G
               +--------+--------+--------+--------+--------+-----+--------+
         Total |   3793 |   3565 |    228 |    126 |   2751 |   6 |  632.2 |
       Dungeon |   3621 |   3457 |    164 |    126 |   2700 |   5 |  724.2 |
        Temple |    171 |    107 |     64 |      0 |     51 |   1 |  171.0 |
               +--------+--------+--------+--------+--------+-----+--------+

Top non-repeatable levels by time:
     D:4: 1116 daAuts
     D:3: 1070 daAuts
     D:1: 643 daAuts
     D:2: 626 daAuts
  Temple: 171 daAuts
     D:5: 164 daAuts

Table legend:
 A = Kills in this place as a percentage of kills in entire the game.
 B = Kills by you in this place as a percentage of kills by you in the entire game.
 C = Kills by friends in this place as a percentage of kills by friends in the entire game.
 D = Other kills in this place as a percentage of other kills in the entire game.
 E = Experience gained in this place as a percentage of experience gained in the entire game.
 F = Experience gained in this place divided by the number of levels of this place that you have seen.
                   A       B       C       D       E      F
               +-------+-------+-------+-------+-------+----------------------
         Total | 100.0 | 100.0 |   N/A |   N/A | 100.0 | 115.2
       Dungeon | 100.0 | 100.0 |   N/A |   N/A | 100.0 | 138.2
               +-------+-------+-------+-------+-------+----------------------
